 Dungeon Crawl Stone Soup version 0.21.0-3-g78d12a8 (webtiles) character file.

7 Monsterracer the Insei (level 1, 0/14 HPs)
             Began as a Vampire Transmuter on Jan 14, 2018.
             Slain by a bat (1 damage)
             ... on level 1 of the Dungeon.
             The game lasted 00:00:53 (48 turns).

Monsterracer the Insei (Vampire Transmuter)           Turns: 48, Time: 00:00:54

Health: 0/14       AC:  2    Str:  9    XL:     1   Next: 91%
Magic:  2/3        EV: 12    Int: 15    God:
Gold:   29         SH:  0    Dex: 14    Spells: 3/4 levels left

rFire    . . .     SeeInvis +     - Unarmed
rCold    . . .     Gourm    .   (no shield)
rNeg     + . .     Faith    .   b - +0 robe
rPois    .         Spirit   .   (no helmet)
rElec    .         Reflect  .   (no cloak)
rCorr    .         Harm     .   (no gloves)
MR       .....                  (no boots)
Stlth    +.........             (no amulet)
HPRegen  0.04/turn              (no ring)
MPRegen  0.08/turn              (no ring)

@: appendage (expiring)
A: fangs 3, horns 2, see invisible, unbreathing
a: End Transformation


You were on level 1 of the Dungeon.
You were not thirsty.
You had grown temporary horns.
You visited 1 branch of the dungeon, and saw 1 of its levels.

You collected 29 gold pieces.

Inventory:

Missiles
 a - 12 arrows
Armour
 b - a +0 robe (worn)
Books
 c - a book of Changes

   Spells                             Type                      Level
   a - Beastly Appendage              Transmutation                1
   b - Sticks to Snakes               Transmutation                2
   c - Spider Form                    Transmutation/Poison         3
   d - Ice Form                       Ice/Transmutation            4
   e - Blade Hands                    Transmutation                5


   Skills:
 - Level 0.8 Fighting
 - Level 2.1 Dodging
 + Level 3.9 Unarmed Combat
 - Level 2.0 Spellcasting
 - Level 2.1 Transmutations


You had 3 spell levels left.
You knew the following spells:

 Your Spells              Type           Power        Failure   Level  Hunger
a - Beastly Appendage     Tmut           #.....       9%          1    #......


Dungeon Overview and Level Annotations

Branches:
Dungeon (1/15)

Altars:


Innate Abilities, Weirdness & Mutations

You have razor-sharp teeth.
You have supernaturally acute eyesight. (SInv)
You can survive without breathing.
You have a pair of horns on your head.


Message History

Welcome, Monsterracer the Vampire Transmuter.
It is said that the Orb of Zot exists deep within this dungeon.
Press ? for a list of commands and other information.
Found 29 gold pieces.
Found a staircase leading out of the dungeon.
You now have 14 gold pieces.
An ooze comes into view.
The ooze quivers.
An ooze is nearby!
Casting: Beastly Appendage
Confirm with . or Enter, or press ? or * to list all spells.
Your feet morph into talons.
You now have 2/3 mp.
You hit the ooze. Your kick misses the ooze. You bite the ooze.
The ooze is severely wounded.
The ooze barely misses you.
You hit the ooze.
The ooze is severely wounded.
You hit the ooze.
You kill the ooze!
No target in view!
Your transformation is almost over.
Magic restored.
You now have 29 gold pieces (gained 15).
Your talons disappear.
A bat comes into view.
MP restored: 3 A bat is nearby!
A bat is nearby!
The bat misses you. The bat hits you.
You take 1 damage, and have 13/14 hp.
A dart slug comes into view.
The bat closely misses you.
A bat comes into view.
The bat completely misses you. The bat hits you but does no damage.
The bat barely misses you.
You barely miss the bat. The bat barely misses you.
The bat hits you but does no damage. The bat hits you.
The bat barely misses you.
You take 1 damage, and have 12/14 hp.
The bat barely misses you. The bat hits you but does no damage.
The bat hits you but does no damage. x2
You miss the bat. The bat hits you. The bat hits you but does no damage.
You take 1 damage, and have 11/14 hp.
Casting: Beastly Appendage
Confirm with . or Enter, or press ? or * to list all spells.
You grow a pair of large bovine horns.
The bat barely misses you. The bat closely misses you.
The bat barely misses you.
You now have 2/3 mp.
The bat misses you. The bat closely misses you.
You barely miss the bat. Your headbutt misses the bat.
Your transformation is almost over.
The bat barely misses you. The bat hits you.
You take 1 damage, and have 10/14 hp.
You are too injured to fight recklessly!
You are too injured to fight recklessly!
You are too injured to fight recklessly!
You are too injured to fight recklessly!
You are too injured to fight recklessly!
You barely miss the bat. The bat hits you.
The bat hits you but does no damage. x2
You take 1 damage, and have 9/14 hp.
You barely miss the bat. Your punch misses the bat.
The bat hits you but does no damage. The bat hits you.
You take 1 damage, and have 8/14 hp.
You miss the bat. Your headbutt misses the bat. The bat barely misses you. x2
The bat hits you but does no damage.
You miss the bat. Your headbutt misses the bat. The bat misses you.
The bat closely misses you.
You hit the dart slug.
The dart slug is moderately wounded.
The bat closely misses you. x2; The bat hits you but does no damage.
The bat closely misses you. The dart slug barely misses you.
You hit the dart slug.
You bite the dart slug, but do no damage.
The dart slug is heavily wounded.
The bat hits you but does no damage. The bat misses you.
The bat hits you but does no damage.
You hit the dart slug.
The dart slug is heavily wounded.
The bat closely misses you. The bat hits you but does no damage.
The dart slug launches a dart at you. The slug dart hits you!
* * * LOW HITPOINT WARNING * * *
You take 6 damage, and have 2/14 hp.
MASSIVE DAMAGE!!
You hit the dart slug. You headbutt the dart slug.
You kill the dart slug!
The bat barely misses you. The bat hits you.
* * * LOW HITPOINT WARNING * * *
You take 1 damage, and have 1/14 hp.
Yummy - fresh blood!
The bat hits you but does no damage. The bat hits you.
You die...

##...#.#.........
..#?#.#.........
#...#.#.........
###..............
................
#.............. ## ###
#..............
##≈##≈#####..............
##≈P≈≈P≈##....@.b.........
#≈P8PP8P≈#.#...b..........
####≈P..P.##.#..............
#...≈≈<......########.......
#.##≈P..♣.##.# .......
#≈P8P♣8♣≈#.# .......
##≈P≈≈♣≈##.# w...... ##≈##
###.# ### ## ...


You could see 2 bats.

Vanquished Creatures
  An ooze (D:1)
  A dart slug (D:1)
2 creatures vanquished.

Notes
Turn   | Place    | Note
-------+----------+-------------------------------------------
     0 | D:1      | Monsterracer the Vampire Transmuter began the quest for the Orb.
     0 | D:1      | Reached XP level 1. HP: 14/14 MP: 3/3
    46 | D:1      | HP: 2/14 [dart slug/slug dart (6)]
    48 | D:1      | Slain by a bat

Action                   || total
-------------------------++-------
Melee: Unarmed           ||    14
       Bite              ||     2
       Headbutt          ||     1
 Cast: Beastly Appendage ||     2
  Use: Potion            ||     1
Armor: Robe              ||    15
Dodge: Dodged            ||    25

Vault maps used:
D:1:      ldierk_walled_garden_2, minmay_large_rounded_square
